[Event "GrandPrix_30.05"]
[Site "Chess.com"]
[Date "2020.05.30"]
[Round "3"]
[White "nikosgal"]
[Black "2346PL"]
[Result "1-0"]
[WhiteElo "2242"]
[BlackElo "2057"]
[TimeControl "600+2"]
[EndTime "9:20:15 PDT"]
[Termination "nikosgal won by resignation"]

1. d4 f5 2. f3 Nf6 3. e4 fxe4 4. fxe4 Nxe4 5. Bd3 d5 6. Nf3 Bf5 7. O-O e6 8. Ne5 Nc6 9. Bb5 Nd6 10. Ba4 Qc8 11.
Nxc6 Qd7 12. c4 bxc6 13. cxd5 exd5 14. Nc3 Nb5 15. Qe2+ Be7 16. Nxb5 cxb5 17. Bxb5 c6 18. Bxc6 Qxc6 19. Rxf5 Kd8 20. Bf4 Bf6 21. Rc1 Re8 22. Qd3 Qe6 23. Bc7+ Ke7 24. Be5 Kf8 25. Rcf1 Kg8 26.
Rxf6 gxf6 27. Qg3+ Kf7 28. Qh4 Qxe5 29. dxe5 Rxe5 30.
Qxf6+ 1-0

[Event "GrandPrix_30.05"]
[Site "Chess.com"]
[Date "2020.05.30"]
[Round "3"]
[White "Sporty207"]
[Black "Korona_91"]
[Result "1-0"]
[WhiteElo "2223"]
[BlackElo "2053"]
[TimeControl "600+2"]
[EndTime "9:20:25 PDT"]
[Termination "Sporty207 won by resignation"]

1. d4 g6 2. c4 Bg7 3. Nc3 d6 4. e4 e5 5. Nge2 exd4 6. Nxd4 Nc6 7. Be3 Nf6 8. f3 O-O 9. Qd2 Bd7 10. Be2 a5 11.
O-O Ne5 12. h3 Be6 13. b3 Re8 14. f4 Nc6 15. Bf3 Bd7 16. Rae1 Nxd4 17. Bxd4 Bc6 18. f5 Nd7 19. Bxg7 Kxg7 20. Nd5 Bxd5 21. exd5 Ne5 22.
Bd1 f6 23. fxg6 hxg6 24. Bc2 a4 25. Qf4 axb3 26. axb3 Ra2 27. Bb1 Ra3 28. Bc2 Qe7 29. Qg3 Qf7 30. Re2 Rh8 31. Ref2 Nd7 32. Bf5 Nc5 33. Be6 Nxe6 34. dxe6 Qxe6 35. Rxf6 Qe4 36. Rf7+ Kh6 37. R1f4 Qb1+ 38. Kh2 Ra5 39. Rh4+ Rh5 40. Qf4+ g5 41. Rf6+ Kg7 42. Qd4 Rxh4 43. Rf4+ Kh7 44. Rf7+ Kg6 45. Qg7+ Kh5 46. Qxh8+ Kg6 47. Qg8+ Kh6 48.
Rf6+ Kh5 49. Qh8+ 1-0

[Event "GrandPrix_30.05"]
[Site "Chess.com"]
[Date "2020.05.30"]
[Round "3"]
[White "madamDD"]
[Black "WoodlandMagic"]
[Result "1-0"]
[WhiteElo "2447"]
[BlackElo "2101"]
[TimeControl "600+2"]
[EndTime "9:20:29 PDT"]
[Termination "madamDD won by resignation"]

1. e4 g6 2. d4 Bg7 3. Nc3 a6 4. f4 b5 5. Nf3 Bb7 6. Bd3 d6 7. O-O Nd7 8. e5 Nh6 9. Be4 Bxe4 10. Nxe4 d5 11. Nf2 e6 12. a4 Nf5 13.
Qd3 b4 14. a5 h5 15. Bd2 Bf8 16. c4 bxc3 17. bxc3 c5 18. c4 cxd4 19. Nxd4 Nc5 20.
Qc3 Nxd4 21. Qxd4 Nb3 22. Qc3 Nxa1 23. Rxa1 Bc5 24. cxd5 Qxd5 25. Be3 Bxe3 26. Qxe3 O-O-O 27. Qa7 Qc6 28. Rb1 1-0

[Event "GrandPrix_30.05"]
[Site "Chess.com"]
[Date "2020.05.30"]
[Round "3"]
[White "jncool68"]
[Black "LazovT"]
[Result "0-1"]
[WhiteElo "2279"]
[BlackElo "2224"]
[TimeControl "600+2"]
[EndTime "9:20:38 PDT"]
[Termination "LazovT won by resignation"]

1. e4 c5 2. Nf3 d6 3. d4 Nf6 4.
Nc3 cxd4 5. Nxd4 a6 6. Be2 e5 7. Nb3 Be6 8. O-O Nbd7 9. Re1 Be7 10. Bf3 O-O 11. a4 Qb8 12. a5 Rc8 13. Nd5 Bxd5 14.
exd5 Bd8 15. c3 b5 16. axb6 Bxb6 17. Na5 Bxa5 18. Rxa5 Qb6 19. Ra4 a5 20. g4 Nc5 21.
Ra3 Re8 22. g5 Nfd7 23. Qc2 Qb7 24. c4 a4 25. Bg2 Rab8 26. h4 Qb4 27. Re2 Nb3 28.
Be3 Ndc5 29. h5 Nd4 30. Bxd4 exd4 31. Rxe8+ Rxe8 32. Bf1 Qe1 33. Kg2 Re5 34. Rg3 Qe4+ 35. Qxe4 Nxe4 36. Ra3 Rxg5+ 37. Kf3 Nc5 38. b3 Nxb3 39.
Rxa4 f5 40. Ra6 Rxh5 41. Rxd6 Nd2+ 42. Ke2 Nxc4 43. Rc6 Ne5 44. Rc7 Rh1 45. Bg2 Rg1 46. Bh3 g6 47. f4 Nf7 48. Kf2 Ra1 49. Bf1 Ra2+ 50. Ke1 Nd6 51. Rc6 Ne4 52. Bc4 Ra1+ 53. Ke2 Kf8 54. d6 Ra8 55. Be6 Rd8 56. Kd3 Rxd6 57.
Rc8+ Kg7 58. Rc7+ Kh6 59. Bg8 Nf6 60. Bf7 Kh5 61. Rc1 Kg4 62. Rf1 Kg3 63. Bb3 Ne4 64.
Bd1 Nf2+ 0-1

[Event "GrandPrix_30.05"]
[Site "Chess.com"]
[Date "2020.05.30"]
[Round "3"]
[White "DenisQ"]
[Black "ZefirKa"]
[Result "0-1"]
[WhiteElo "2197"]
[BlackElo "2105"]
[TimeControl "600+2"]
[EndTime "9:20:38 PDT"]
[Termination "ZefirKa won by resignation"]

1. c4 e5 2. Nc3 d6 3. g3 f5 4. Bg2 Nf6 5. Nf3 Be7 6. O-O O-O 7.
d3 Qe8 8. c5 Nc6 9. b4 Qh5 10. b5 Nd8 11. cxd6 Bxd6 12. Ba3 f4 13. Bxd6 cxd6 14. Qb3+ Be6 15. Qb4 fxg3 16. fxg3 Nf7 17. Ne4 Nxe4 18. Qxe4 d5 19. Qe3 b6 20. Nd4 Bh3 21.
Nc6 Bxg2 22. Kxg2 Rae8 23. Qf3 Qxf3+ 24. exf3 Nd6 25. a4 Rf7 26. Rae1 Nf5 27. Nxe5 Rfe7 28. f4 d4 29. Kf3 Ne3 30. Rf2 g5 31. Nc6 g4+ 32. Ke2 Nc2+ 33. Nxe7+ Rxe7+ 34. Kd1 Nxe1 0-1

[Event "GrandPrix_30.05"]
[Site "Chess.com"]
[Date "2020.05.30"]
[Round "3"]
[White "SacrificeGod"]
[Black "Khvicha_Supatashvili"]
[Result "0-1"]
[WhiteElo "2243"]
[BlackElo "2174"]
[TimeControl "600+2"]
[EndTime "9:20:44 PDT"]
[Termination "Khvicha_Supatashvili won by resignation"]

1. e4 c5 2. Nc3 Nc6 3. g3 e6 4.
Bg2 Nf6 5. d3 d5 6. exd5 exd5 7.
Bg5 Be7 8. Nge2 d4 9. Bxf6 Bxf6 10. Nd5 O-O 11. O-O Re8 12. Nef4 g6 13. Qd2 Ne5 14. h3 Bg7 15. Rfe1 Bd7 16. c4 dxc3 17. bxc3 Qa5 18. Qc2 Ba4 19. Qc1 Bc6 20. c4 Rad8 21. h4 h6 22. Re2 Kf8 23. Qe1 Qxe1+ 24. Raxe1 g5 25. hxg5 hxg5 26. Nh3 Nxd3 27. Rxe8+ Bxe8 28. Re3 Nb2 29. Nxg5 Bd4 30. Re7 Nd3 31. Rxb7 Nxf2 32. Kh2 Bd7 33. Bf3 Nd3 34. Bg4 Ne5 35. Bxd7 Rxd7 36. Rb8+ Kg7 37. Nf4 Ng4+ 38. Kh3 Nf6 39. Kh4 Be5 40. Nf3 Bxb8 0-1

[Event "GrandPrix_30.05"]
[Site "Chess.com"]
[Date "2020.05.30"]
[Round "3"]
[White "OhanyanEminChess"]
[Black "Jan1401"]
[Result "0-1"]
[WhiteElo "2090"]
[BlackElo "2310"]
[TimeControl "600+2"]
[EndTime "9:20:51 PDT"]
[Termination "Jan1401 won by resignation"]

1. e4 e6 2. d4 d5 3. Nc3 Bb4 4. e5 c5 5. a3 Bxc3+ 6. bxc3 Ne7 7. Qg4 Qc7 8. Qxg7 Rg8 9. Qxh7 cxd4 10. Ne2 dxc3 11. f4 Nbc6 12. Qd3 b6 13. Nxc3 Nf5 14. g4 Rxg4 15. Bh3 Nxe5 16. fxe5 Qxe5+ 17. Kf2 Rc4 18. Bd2 Nd6 19. Rae1 Qf6+ 20. Qf3 Qh4+ 21. Qg3 Qd4+ 22. Qe3 Qxe3+ 23. Rxe3 d4 24. Rd3 dxc3 25. Rxd6 cxd2 26. Bg2 Rxc2 27. Rd1 Rb8 28. h4 Ke7 29. R6xd2 Rxd2+ 30. Rxd2 Bb7 31. Bf1 Rh8 32. Bb5 Bd5 33.
Kg3 Rg8+ 34. Kh3 f5 35. h5 Kf6 36. Rd1 Rg5 37. Be2 f4 38. Rf1 e5 39. Kh4 Rg2 40.
Bg4 Rh2+ 41. Bh3 Be6 42. Rf3 Rxh3+ 43. Rxh3 Bxh3 44. Kxh3 Kg5 0-1

[Event "GrandPrix_30.05"]
[Site "Chess.com"]
[Date "2020.05.30"]
[Round "3"]
[White "KuzubovYuriy"]
[Black "TimofeevAr"]
[Result "0-1"]
[WhiteElo "2411"]
[BlackElo "2681"]
[TimeControl "600+2"]
[EndTime "9:20:53 PDT"]
[Termination "TimofeevAr won by resignation"]

1. d4 Nf6 2. c4 g6 3. Nc3 d5 4.
cxd5 Nxd5 5. Bd2 Bg7 6. e4 Nb6 7. Be3 O-O 8. Bb5 c6 9. Be2 e5 10. dxe5 Bxe5 11. Qc2 Be6 12. Nf3 Bg7 13. Rd1 Qe7 14.
O-O N8d7 15. Bf4 Rfd8 16. Bc7 Re8 17. Bd6 Qd8 18. Rfe1 Nc8 19. Bf4 Ncb6 20. h3 a5 21. Qc1 a4 22. Nd4 Bc4 23. Bg4 Qe7 24. Nf3 Ne5 25. Nxe5 Bxe5 26. Bxe5 Qxe5 27. Qe3 Qa5 28. e5 Nd5 29. Nxd5 Bxd5 30. a3 Qb5 31. Qc3 Rad8 32. h4 Qb3 33. Rd4 Qxc3 34. bxc3 Bb3 35. Re2 Rxd4 36.
cxd4 Bd1 37. Re4 f5 38. Bxd1 fxe4 39. Bxa4 Rd8 40. d5 cxd5 41. f4 exf3 42. gxf3 Kf7 43.
Kf2 Ke6 44. f4 Ra8 45. Bd1 Rxa3 46. Bg4+ Ke7 47. Bf3 Ra5 48. Ke3 b6 49. h5 Ra3+ 50. Ke2 d4 51. hxg6 hxg6 52. Bd5 b5 53. Kd2 Re3 54.
Ba2 Rf3 55. Bb1 Rxf4 56. Bxg6 Ke6 57. Bd3 b4 0-1

[Event "GrandPrix_30.05"]
[Site "Chess.com"]
[Date "2020.05.30"]
[Round "3"]
[White "Sanan_Sjugirov"]
[Black "Herracek"]
[Result "1-0"]
[WhiteElo "2674"]
[BlackElo "2398"]
[TimeControl "600+2"]
[EndTime "9:21:02 PDT"]
[Termination "Sanan_Sjugirov won by resignation"]

1. e4 c5 2. Nf3 Nc6 3. Bb5 g6 4. O-O Bg7 5. Re1 e5 6. Bxc6 dxc6 7. a4 Nh6 8. d3 f6 9. Na3 Be6 10.
Be3 b6 11. a5 O-O 12. h3 Nf7 13. Qd2 Qd6 14. Qc3 f5 15. Nc4 Bxc4 16. Qxc4 f4 17. Bd2 b5 18. Qb3 Bf6 19. a6 g5 20. g4 h5 21. Kf1 Kg7 22. Ke2 hxg4 23. hxg4 Rh8 24. Rh1 Qd7 25. Rxh8 Rxh8 26. Rg1 Rh3 27. Qc3 Qd6 28. b4 cxb4 29. Qxb4 Qc7 30. Qc5 Be7 31. Qc3 c5 32. Qb3 Qc6 33. Qxf7+ 1-0

[Event "GrandPrix_30.05"]
[Site "Chess.com"]
[Date "2020.05.30"]
[Round "3"]
[White "ulkaf961"]
[Black "Lion_DL"]
[Result "1/2-1/2"]
[WhiteElo "2006"]
[BlackElo "2135"]
[TimeControl "600+2"]
[EndTime "9:21:22 PDT"]
[Termination "Game drawn by repetition"]

1. e4 Nc6 2. Nf3 d6 3. d4 Nf6 4.
Nc3 Bg4 5. Be3 e6 6. Bb5 a6 7.
Be2 d5 8. exd5 exd5 9. Ne5 Bxe2 10. Qxe2 Be7 11. O-O O-O 12. f4 Bb4 13. Nd1 Ne4 14. c3 Bd6 15. Rf3 Ne7 16. Rh3 g6 17. Nf2 Nxf2 18. Qxf2 Nf5 19. Bd2 f6 20. Nd3 h5 21.
Qf3 c6 22. g4 hxg4 23. Qxg4 Rf7 24. Kh1 Rg7 25. Rg1 Qd7 26. Nf2 Re8 27. Qf3 Qe6 28.
Ng4 Kf7 29. Re1 Qd7 30. Rg1 Qe6 31. Re1 Qd7 32. Rg1 Qe6 1/2-1/2

[Event "GrandPrix_30.05"]
[Site "Chess.com"]
[Date "2020.05.30"]
[Round "3"]
[White "hubertsmazak"]
[Black "guylevin1"]
[Result "1-0"]
[WhiteElo "2257"]
[BlackElo "2114"]
[TimeControl "600+2"]
[EndTime "9:21:25 PDT"]
[Termination "hubertsmazak won on time"]

1. d4 Nf6 2. c4 g6 3. Nc3 d5 4. cxd5 Nxd5 5. e4 Nxc3 6. bxc3 Bg7 7. Bc4 c5 8. Ne2 Nc6 9. Be3 O-O 10. O-O Qc7 11. Rc1 b6 12. h4 h5 13. Qd2 Na5 14.
Bd3 Rd8 15. Bg5 Nc6 16. Nf4 Bb7 17. Nd5 Qd7 18. Bb5 f6 19. Be3 e6 20. Nf4 Kh7 21.
d5 exd5 22. exd5 Qf7 23. dxc6 Rxd2 24. cxb7 Qxb7 25. Bxd2 a6 26. Bc4 Rd8 27. Be3 b5 28. Be2 Re8 29. Bf3 Qc8 30. c4 Bf8 31. Rfd1 b4 32. Rd5 Re5 33. Rcd1 Rxd5 34. Rxd5 a5 35. Bd1 Qc6 36. Rd8 Be7 37. Rb8 a4 38. Bf3 Qd6 39.
Rb7 Kg8 40. Nxg6 b3 41. axb3 a3 42. Nxe7+ Kf8 43. Nf5 a2 44. Nxd6 a1=Q+ 45. Kh2 Qe5+ 46. g3 Qxd6 47. Rb5 Qd3 48. Bxc5+ Kg7 49. Kg2 f5 50.
Be3 f4 51. Bxf4 1-0

[Event "GrandPrix_30.05"]
[Site "Chess.com"]
[Date "2020.05.30"]
[Round "3"]
[White "TheNextLevelFan"]
[Black "tacticthunder"]
[Result "1-0"]
[WhiteElo "2532"]
[BlackElo "2216"]
[TimeControl "600+2"]
[EndTime "9:21:33 PDT"]
[Termination "TheNextLevelFan won by resignation"]

1. d4 Nf6 2. c4 e6 3. Nf3 c5 4. Nc3 cxd4 5. Nxd4 Nc6 6. g3 Bc5 7. Nb3 Be7 8. Bg2 O-O 9. O-O d6 10. Bf4 a6 11. Qd2 h6 12. Rfd1 e5 13. Be3 Be6 14. Nd5 Rc8 15. Bb6 Qd7 16. Rac1 Bxd5 17. cxd5 Nb8 18. Qb4 Rxc1 19. Rxc1 Rc8 20. Rc4 Qe8 21. Na5 Nbd7 22. Be3 b5 23. Rc6 Nb8 24. Rxc8 Qxc8 25. Nc6 Kf8 26. a4 bxa4 27. Qxb8 Qxb8 28. Nxb8 e4 29. Nxa6 Nxd5 30. Bd4 f5 31. f3 Bf6 32. Bxf6 Nxf6 33. fxe4 fxe4 34. Kf2 Ng4+ 35.
Ke1 d5 36. Bh3 Ne5 37. Nc5 d4 38. Nd7+ Nxd7 39. Bxd7 Ke7 40. Bxa4 Kd6 41. e3 d3 42.
Kd2 Ke5 43. Bc6 1-0

[Event "GrandPrix_30.05"]
[Site "Chess.com"]
[Date "2020.05.30"]
[Round "3"]
[White "PotapovaM"]
[Black "DanielDardha2005"]
[Result "1/2-1/2"]
[WhiteElo "2185"]
[BlackElo "2384"]
[TimeControl "600+2"]
[EndTime "9:21:40 PDT"]
[Termination "Game drawn by agreement"]

1. d4 Nf6 2. c4 c5 3. d5 e6 4.
Nc3 d6 5. Nf3 g6 6. g3 Bg7 7.
Bg2 exd5 8. cxd5 O-O 9. O-O Re8 10. Nd2 Nbd7 11. h3 a6 12. a4 Nh5 13. Nc4 Ne5 14.
Na3 Rb8 15. e4 Bd7 16. a5 Qxa5 17. g4 Nf6 18. g5 Nh5 19. Be3 Qb4 20. Qe2 b5 21.
Kh2 f5 22. gxf6 Nxf6 23. Na2 Qb3 24. Nc1 Qa4 25. f4 Nc4 26. b3 Qxa3 27. Rxa3 Nxa3 28. Qa2 b4 29. e5 dxe5 30. fxe5 Rxe5 31. Bf4 Nh5 32.
Bxe5 Bxe5+ 33. Kg1 Bd4+ 34. Kh2 Be5+ 35. Kg1 Re8 36. Nd3 Bd4+ 37. Kh2 Bb5 38. Qd2 Bc3 39. Qf2 Nf6 1/2-1/2

[Event "GrandPrix_30.05"]
[Site "Chess.com"]
[Date "2020.05.30"]
[Round "3"]
[White "BairaKovanova"]
[Black "KruHor"]
[Result "0-1"]
[WhiteElo "2141"]
[BlackElo "2429"]
[TimeControl "600+2"]
[EndTime "9:21:58 PDT"]
[Termination "KruHor won by resignation"]

1. e4 c5 2. Nc3 e6 3. d3 Nc6 4. g3 Nf6 5. Bg2 Be7 6. Nf3 d5 7. Qe2 Nd4 8. Qd1 Nxf3+ 9. Qxf3 d4 10. Nb1 e5 11. h3 h5 12. Nd2 Qc7 13. Nc4 h4 14. g4 Nh7 15. Qe2 Bg5 16. Bd2 Be6 17. Rf1 Bxd2+ 18. Nxd2 Nf8 19. f4 exf4 20. e5 Ng6 21.
Qe4 O-O-O 22. O-O-O Rhe8 23. Rxf4 Nxf4 24. Qxf4 f6 25. Re1 fxe5 26. Rxe5 Bd7 27. Nc4 Rxe5 28. Qxe5 Qxe5 29. Nxe5 Be6 30. Ng6 Kc7 31. Nxh4 Rf8 32. Be4 Rf1+ 33. Kd2 Rf2+ 34. Kd1 b5 35. Ng6 Kd6 36. b3 a5 37. Kc1 Bf7 38. Nh4 Ke5 39.
Nf5 g5 40. Ne7 Be8 41. Kb2 c4 42. bxc4 bxc4 43. Nf5 c3+ 44. Kb3 Bf7+ 0-1

[Event "GrandPrix_30.05"]
[Site "Chess.com"]
[Date "2020.05.30"]
[Round "3"]
[White "Vuk2000"]
[Black "PresidenteMNE"]
[Result "0-1"]
[WhiteElo "2216"]
[BlackElo "2171"]
[TimeControl "600+2"]
[EndTime "9:21:59 PDT"]
[Termination "PresidenteMNE won by checkmate"]

1. d4 c5 2. d5 e6 3. c4 Bd6 4.
Nc3 Be5 5. Nf3 Bxc3+ 6. bxc3 d6 7. g3 e5 8. Bg2 f5 9. O-O Nf6 10. Bg5 h6 11. Bc1 O-O 12. Rb1 Ne4 13. Qc2 Nd7 14. Ne1 Qa5 15. Bxe4 fxe4 16. Qxe4 Nb6 17. Qc2 Nxc4 18. f3 e4 19. fxe4 Rxf1+ 20. Kxf1 b5 21. Nd3 Bd7 22. Kg1 Rf8 23. Ra1 Qd8 24. Bd2 Qf6 25.
Re1 Bh3 26. Nf4 Bg4 27. Qc1 g5 28. Nd3 Bh3 29. Bf4 gxf4 30. Nxf4 Bg4 31. Rf1 Qe5 32. Ng6 Rxf1+ 33. Qxf1 Qg7 34. Nf4 Qxc3 35. Kh1 Qe3 36. h3 Qxe4+ 37. Kh2 Bf5 38. Nh5 Qe5 39. e4 Qb2+ 40. Kg1 Qd4+ 41. Kh2 Qd2+ 42. Kg1 Qe3+ 43. Kh2 Nd2 44. Qxf5 Nf3+ 45. Kg2 Qe2+ 46.
Kh1 Qf1# 0-1

[Event "GrandPrix_30.05"]
[Site "Chess.com"]
[Date "2020.05.30"]
[Round "3"]
[White "hypert"]
[Black "Bosiocic"]
[Result "0-1"]
[WhiteElo "2197"]
[BlackElo "2697"]
[TimeControl "600+2"]
[EndTime "9:22:00 PDT"]
[Termination "Bosiocic won by checkmate"]

1. e4 d6 2. d4 Nf6 3. Nc3 e5 4. Nf3 Nbd7 5. Bc4 Be7 6. O-O O-O 7. a4 a5 8. Qe2 c6 9. Rd1 exd4 10. Nxd4 Re8 11. Ba2 Bf8 12. Qf3 Ne5 13. Qg3 Ng6 14. Bg5 h6 15. Bxh6 d5 16. Bg5 Bd6 17. Bxf6 Qxf6 18.
Qf3 Qe5 19. g3 Nh4 20. Qe3 Bg4 21. f3 c5 22. fxg4 cxd4 23. Qf2 dxc3 24. Bxd5 Qe7 25. Kh1 Ng6 26. bxc3 Ne5 27. Qe2 Rab8 28. Rab1 b6 29. Rf1 g6 30. Rbd1 Bc5 31. Kg2 Kg7 32. h4 Rh8 33. g5 Rbf8 34. Rf6 Qc7 35. c4 Be7 36. Rf2 Qc8 37. Rdf1 Bxg5 38. Qe1 Be7 39. Qc3 f6 40. Qe3 Bc5 41. Qf4 Bxf2 42. Rxf2 Qg4 43. Qe3 Rxh4 44. Qxb6 Qh3+ 45. Kg1 Qh1# 0-1

[Event "GrandPrix_30.05"]
[Site "Chess.com"]
[Date "2020.05.30"]
[Round "3"]
[White "tsvet2005"]
[Black "Kopytkin"]
[Result "1-0"]
[WhiteElo "2246"]
[BlackElo "2076"]
[TimeControl "600+2"]
[EndTime "9:22:06 PDT"]
[Termination "tsvet2005 won on time"]

1. d4 d5 2. c4 Bf5 3. cxd5 Nf6 4. Qa4+ c6 5. dxc6 Nxc6 6. e3 Rc8 7. Nf3 a6 8. a3 Qa5+ 9. Qxa5 Nxa5 10. Nbd2 e6 11. b4 Nc6 12. Bb2 Bxb4 13. axb4 Nxb4 14. Rc1 O-O 15. Be2 Nc2+ 16. Kf1 b5 17. h3 a5 18. g4 Bg6 19. Ne5 b4 20. Nxg6 hxg6 21. Bd3 b3 22. Nxb3 Nb4 23. Be2 Rxc1+ 24. Bxc1 Rc8 25.
Nc5 Ne4 26. Kg2 Nxc5 27. dxc5 Rxc5 28. Ba3 Rc2 29. Bxb4 axb4 30. Kf3 b3 31. Rb1 b2 32. Bd3 Rd2 33. Bc4 Kf8 34. e4 Rd4 35. Be2 Rb4 36. Ke3 Ke7 37. Bd3 g5 38. Kd2 Kf6 39. Kc3 Rb6 40. Rxb2 Rxb2 41. Kxb2 Ke5 42. Kc3 Kf4 43. Kd2 Kf3 44. Ke1 Kg2 45. Bf1+ Kf3 46. Bd3 Kg2 47.
Ke2 Kxh3 48. Kf3 Kh4 49. e5 Kh3 50. Bb5 f5 51. gxf5 exf5 52. e6 1-0

[Event "GrandPrix_30.05"]
[Site "Chess.com"]
[Date "2020.05.30"]
[Round "3"]
[White "Micki-taryan"]
[Black "Petriashvili02"]
[Result "1/2-1/2"]
[WhiteElo "2522"]
[BlackElo "2323"]
[TimeControl "600+2"]
[EndTime "9:22:11 PDT"]
[Termination "Game drawn - insufficient material"]

1. d4 Nf6 2. Nf3 g6 3. Nc3 d5 4. Bf4 Bg7 5. Nb5 Na6 6. e3 c6 7. Nc3 O-O 8. Bxa6 bxa6 9. O-O Bg4 10. h3 Bxf3 11. Qxf3 Nd7 12. Rfd1 e6 13. Na4 Qa5 14. b3 Rfc8 15. Bd6 Bf8 16. Qf4 Bxd6 17. Qxd6 Qc7 18. Qxc7 Rxc7 19. b4 Rb7 20. a3 a5 21. c3 axb4 22. axb4 a5 23. Nb2 Rba7 24. Rac1 Nb6 25. Rd2 axb4 26. cxb4 Ra1 27. Rc2 R8a2 28. Rxa1 Rxa1+ 29. Kh2 Ra2 30. Rxc6 Rxb2 31. Rxb6 Rxf2 32. Kg3 Rb2 33.
h4 Kg7 34. Kf3 h5 35. Rb8 Kf6 36. Rb7 Kg7 37. b5 Kf6 38. b6 Kg7 39. g3 Kf6 40. g4 hxg4+ 41. Kxg4 Rb3 42. Kf4 Rb1 43. Rb8 Rf1+ 44.
Kg3 Rb1 45. Rb7 Rb3 46. Kf3 Rb2 47. Kg4 Rb1 48. Kf4 Rf1+ 49. Kg3 Rb1 50. Kf2 Rb2+ 51. Kf3 Kg7 52. e4 dxe4+ 53. Kxe4 Rb3 54. Ke5 Rb5+ 55. Kd6 Rd5+ 56. Kc6 Rxd4 57. Rd7 Rc4+ 58. Kb5 Rxh4 59. Rd8 Rh1 60. b7 Rb1+ 61. Kc6 Kf6 62. b8=Q Rxb8 63. Rxb8 Ke5 64. Rb5+ Kf4 65. Kd6 g5 66. Rb7 g4 67.
Rxf7+ Ke3 68. Ra7 g3 69. Ra2 Kf3 70. Ra3+ Kf2 71. Ke5 g2 72. Ra2+ Kg3 73. Ra1 Kh2 74. Kxe6 g1=Q 75. Rxg1 Kxg1 1/2-1/2

[Event "GrandPrix_30.05"]
[Site "Chess.com"]
[Date "2020.05.30"]
[Round "3"]
[White "chansen64"]
[Black "SoltaniciR"]
[Result "1-0"]
[WhiteElo "2062"]
[BlackElo "2100"]
[TimeControl "600+2"]
[EndTime "9:22:20 PDT"]
[Termination "chansen64 won on time"]

1. d4 Nf6 2. c4 Nc6 3. Nf3 e6 4. g3 Bb4+ 5. Nbd2 d6 6. Bg2 O-O 7. O-O Bxd2 8. Bxd2 a5 9. Qc2 Qe7 10. Bc3 e5 11. d5 Nb8 12. Nd2 Nbd7 13. e4 c6 14. b3 cxd5 15. exd5 Nc5 16. Rae1 g6 17. f3 Bf5 18. Ne4 Nfxe4 19. fxe4 Bd7 20. Bd2 f5 21. Bh6 Rf7 22. Qd2 b6 23. Bg5 Qf8 24. Bh6 Qe7 25. Bg5 Qf8 26. Bh6 Qc8 27. Qg5 Qd8 28. Qd2 b5 29.
exf5 Bxf5 30. Be3 Qb6 31. cxb5 Qxb5 32. Rc1 Rc8 33. Rc3 Rfc7 34. Rfc1 e4 35. Qd4 1-0

[Event "GrandPrix_30.05"]
[Site "Chess.com"]
[Date "2020.05.30"]
[Round "3"]
[White "LorisinoC"]
[Black "v-kazakouski"]
[Result "1-0"]
[WhiteElo "2210"]
[BlackElo "2365"]
[TimeControl "600+2"]
[EndTime "9:22:28 PDT"]
[Termination "LorisinoC won by resignation"]

1. e4 c5 2. Nf3 a6 3. g3 b5 4. d3 Bb7 5. Bg2 g6 6. O-O Bg7 7. Re1 Nc6 8. Nbd2 d6 9. Nf1 e6 10. c3 Nf6 11. Bg5 h6 12. Bxf6 Bxf6 13. Ne3 Qb6 14.
Rc1 O-O 15. Qd2 Bg7 16. a3 Rfd8 17. h4 a5 18. Ng4 Kh7 19. d4 cxd4 20. cxd4 f5 21.
exf5 exf5 22. Ne3 Ne7 23. g4 fxg4 24. Nxg4 Nf5 25. h5 Rf8 26. hxg6+ Kh8 27. d5 Rae8 28. Rxe8 Rxe8 29. Qc2 Nd4 30. Qc7 Qxc7 31. Rxc7 Ne2+ 32.
Kh2 Bxd5 33. Nd4 Nxd4 34. Bxd5 h5 35. Nh6 Ne6 36. Nf7+ Kg8 37. Ng5 1-0

[Event "GrandPrix_30.05"]
[Site "Chess.com"]
[Date "2020.05.30"]
[Round "3"]
[White "Karacsonyi_Gellert"]
[Black "SavelijTartakover"]
[Result "0-1"]
[WhiteElo "2216"]
[BlackElo "2514"]
[TimeControl "600+2"]
[EndTime "9:22:31 PDT"]
[Termination "SavelijTartakover won by resignation"]

1. e4 e6 2. d4 d5 3. e5 c5 4. c3 Qb6 5. Nf3 Nc6 6. a3 c4 7.
Be2 Na5 8. O-O Nb3 9. Ra2 Bd7 10. Be3 Ne7 11. Nbd2 Ba4 12. Qb1 Nf5 13. Bd1 Be7 14.
Bxb3 Bxb3 15. Nxb3 cxb3 16. Ra1 O-O 17. Nd2 a5 18. a4 f6 19. exf6 Rxf6 20. Bg5 Rf7 21. Bxe7 Rxe7 22. Qd1 Nd6 23. Re1 Nc4 24. Qxb3 Qxb3 25.
Nxb3 Nxb2 26. Nc5 Rc8 27. Rab1 b6 28. Rxb2 bxc5 29. Rb5 cxd4 30. cxd4 Rc4 31. Rxa5 Rxd4 32. f3 Rd2 33. Ra8+ Kf7 34. a5 Rb7 35. a6 Rbb2 36.
a7 Rxg2+ 37. Kh1 Rxh2+ 38. Kg1 Rbg2+ 39. Kf1 Ra2 40. Kg1 Rhg2+ 41. Kh1 Rgc2 42. Rh8 Rxa7 43. Rxh7 Rca2 44. Rh4 Ra1 45. Rf4+ Ke7 46. Rxa1 Rxa1+ 47. Kg2 g5 48. Rb4 Kf6 49. Rb8 Ra7 50. Rd8 Rf7 51. Kf2 Ke5 52. Rg8 Kf4 53. Ke2 e5 54. Ra8 e4 55. fxe4 Kxe4 56. Re8+ Kd4 57. Rg8 Rf5 58. Rg7 Ke4 59. Re7+ Kf4 60. Kf2 g4 61. Rd7 g3+ 62. Kg2 Rg5 63. Rf7+ Ke4 64. Re7+ Kd3 65. Ra7 d4 66. Rd7 Ke3 67. Re7+ Kd2 68. Ra7 d3 69.
Ra2+ Ke3 70. Ra3 Ke2 71. Ra8 Re5 72. Kxg3 d2 73. Kf4 Re7 0-1

[Event "GrandPrix_30.05"]
[Site "Chess.com"]
[Date "2020.05.30"]
[Round "3"]
[White "SamadovRead"]
[Black "Alexander_Moskalenko"]
[Result "0-1"]
[WhiteElo "1966"]
[BlackElo "2357"]
[TimeControl "600+2"]
[EndTime "9:22:31 PDT"]
[Termination "Alexander_Moskalenko won by resignation"]

1. d4 h6 2. c4 d6 3. Nf3 c6 4. Nc3 Nd7 5. g3 g5 6. Bg2 Bg7 7. O-O Nf8 8. h4 Ng6 9. hxg5 hxg5 10. Bxg5 Qa5 11. Qa4 Qf5 12. Nd5 Kd8 13. Ne3 Qd7 14.
Rfd1 Rh5 15. g4 Rh8 16. Nf5 Bf6 17. Bxf6 Nxf6 18. Ne5 Qe8 19. Nxc6+ Kc7 20. Qa5+ b6 21.
Qc3 Nxg4 22. c5 Bxf5 23. cxb6+ Kd7 24. Nb8+ Qxb8 25. Qc6+ Ke6 26. b7 Nf4 27. bxa8=Q Nxe2+ 28. Kf1 Qxb2 29. Qd5+ Kf6 30. Qxh8+ Kg6 31. Qh5+ Kxh5 32. Qxf5+ Kh4 33. Qh7+ Kg5 34. Qg7+ Kh4 35. Qh7+ Kg5 36.
Qd3 Nf4 37. Qd2 Qb5+ 38. Kg1 Qf5 39. Rab1 Qh7 40. Kf1 Qh2 41. f3 Nf6 42. Rb5+ d5 43. Re1 Nh5 44. Re5+ Kg6 45. Rxh5 Nxh5 46. Qf2 Nf4 47.
Qg1 Qh5 48. Bh1+ Kf6 49. Rb2 Qh7 50. Rd2 Qb1+ 51. Kf2 Nh3+ 0-1

[Event "GrandPrix_30.05"]
[Site "Chess.com"]
[Date "2020.05.30"]
[Round "3"]
[White "Murad_Ibrahimli"]
[Black "Sunerorlater"]
[Result "1/2-1/2"]
[WhiteElo "2551"]
[BlackElo "2229"]
[TimeControl "600+2"]
[EndTime "9:22:46 PDT"]
[Termination "Game drawn by repetition"]

1. d4 Nf6 2. c4 e6 3. Nc3 Bb4 4. Qc2 d6 5. Nf3 Nbd7 6. Bg5 h6 7. Bh4 g5 8. Bg3 Nh5 9. e3 O-O 10. Bd3 f5 11. O-O-O Bxc3 12. Qxc3 Ndf6 13. Qc2 Ng4 14. Kb1 Qe7 15. Qe2 Bd7 16. h4 Nxg3 17. fxg3 e5 18.
dxe5 dxe5 19. e4 f4 20. hxg5 fxg3 21. Rd2 hxg5 22. Rh5 Rf7 23. Rxg5+ Rg7 24. Rxg7+ Kxg7 25. Bc2 Rh8 26. b3 Be6 27. Kb2 a5 28. a4 b6 29. Ka2 Rh1 30. Rd1 Rxd1 31. Qxd1 Ne3 32. Qd2 Nxc2 33. Qxc2 Qc5 34. Qc1 Qf2+ 35. Ka3 Qc5+ 36.
Ka2 Qf2+ 37. Ka1 Qxg2 38. Qg5+ Kf7 39. Nxe5+ Ke8 40. Ng6 Qf1+ 41. Kb2 Qf2+ 42. Ka1 Qe1+ 43. Kb2 Qf2+ 44. Ka1 Qe1+ 45. Ka2 Qf2+ 46. Ka1 1/2-1/2

[Event "GrandPrix_30.05"]
[Site "Chess.com"]
[Date "2020.05.30"]
[Round "3"]
[White "Firegrizzly"]
[Black "GM_Levan_Pantsulaia"]
[Result "1-0"]
[WhiteElo "2257"]
[BlackElo "2412"]
[TimeControl "600+2"]
[EndTime "9:22:49 PDT"]
[Termination "Firegrizzly won on time"]

1. e4 c5 2. Nf3 e6 3. d4 cxd4 4. Nxd4 a6 5. Nc3 b5 6. Bd3 Bb7 7. O-O Nc6 8. Nb3 Nf6 9. f4 b4 10. Na4 d6 11. Be3 Nd7 12. c4 bxc3 13. Nxc3 Be7 14.
Rc1 O-O 15. Qh5 g6 16. Qh6 Bf6 17. Bb1 Bg7 18. Qh3 a5 19. a4 Nb4 20. Rcd1 d5 21.
f5 Qe7 22. fxe6 Qxe6 23. Qxe6 fxe6 24. Nb5 Rxf1+ 25. Rxf1 dxe4 26. Nc7 Rc8 27. Nxe6 Bxb2 28. Nxa5 Bd5 29. Nf4 Bf7 30. Nb7 Nc2 31. Bxc2 Rxc2 32.
a5 g5 33. Nh3 h6 34. Rf2 Rxf2 35. Nxf2 Bd5 36. Nd6 Nf6 37. a6 Be5 38. Nc8 Kf7 39.
Nb6 Ke6 40. a7 Bb7 41. a8=Q Bxa8 42. Nxa8 Nd5 43. Bc5 e3 44. Nd3 Bd6 45. Ba7 e2 46.
Kf2 Bxh2 47. Kxe2 h5 48. Kf2 Bd6 49. Nb6 Nxb6 50. Bxb6 h4 51. Bd8 Kf5 52. Kf1 Bg3 53.
Nc1 Bf4 54. Ne2 Bd6 55. Nd4+ Kg4 56. Nb5 1-0